 Dungeon Sprint DCSS version bcrawl-1.27.1d (webtiles) character file.

Game seed: 8542751799751855099

465472 Freyura the Cudgeler (level 5, -1/48 HPs)
             Began as a Draconian Skald on July 24, 2020.
             Was a Believer of the Shining One.
             Slain by a two-headed ogre
             ... wielding a +0 giant club
              (15 damage)
             ... in the Dungeon (Sprint IX: "|||||||||||||||||||||||||||||").
             The game lasted 00:02:36 (236 turns).

Freyura the Cudgeler (Draconian Skald)               Turns: 236, Time: 00:02:37

Health: -1/48      AC: 15    Str: 17    XL:     5   Next: 53%
Magic:  11/11      EV: 14    Int: 13    God:    the Shining One [**....]
Gold:   0          SH:  0    Dex: 11    Spells: 12/13 levels left

rFire    . . .     SeeInvis .   m - +2 morningstar (protect)
rCold    . . .     Gourm    .   (no shield)
rNeg     + . .     Faith    .   (armour unavailable)
rPois    .         Spirit   .   (helmet restricted)
rElec    .         Reflect  .   l - +0 cloak
rCorr    .         Harm     .   (no gloves)
MR       .....     NoTele   +   (no boots)
Stlth    +.........             (no amulet)
HPRegen  0.16/turn              a - +3 ring of strength
MPRegen  0.12/turn              n - +2 ring of protection

@: protection aura, glowing
A: unfitting armour, cold-blooded, AC +5
a: Divine Shield, Renounce Religion


You were in the Dungeon.
You worshipped the Shining One.
The Shining One was pleased with you.
You were not hungry.

You visited 1 branch

Inventory:

Hand Weapons
 m - a +2 morningstar of protection (weapon)
Armour
 l - a +0 cloak (worn)
Jewellery
 a - a +3 ring of strength (left hand)
 n - a +2 ring of protection (right hand)
Wands
 k - a wand of acid (10)
Scrolls
 b - 3 scrolls of remove curse
 c - a scroll of fear
 i - 2 scrolls of amnesia
 j - 2 scrolls of blinking
Potions
 d - 5 potions of curing
 f - 2 potions of heal wounds
 g - a potion of haste
 h - 4 potions of magic
Comestibles
 e - a ration {!d}


   Skills:
 + Level 5.4 Fighting
 * Level 7.1 Maces & Flails
 + Level 4.7 Dodging
 + Level 4.5 Spellcasting
 + Level 5.0 Charms
 + Level 0.0 Invocations


You had 12 spell levels left.
You knew the following spells:

 Your Spells              Type           Power        Failure   Level  Hunger
a - Infusion              Chrm           ###.....     2%          1    None

Your spell library contained the following spells:

 Spells                   Type           Power        Failure   Level  Hunger
 Song of Slaying          Chrm           ###.....     3%          2    None
 Ozocubu's Armour         Chrm/Ice       #.......     22%         3    ###....
 Regeneration             Chrm/Necr      #.........   22%         3    ###....
 Spectral Weapon          Hex/Chrm       #.......     22%         3    ###....


Dungeon Overview and Level Annotations

Branches:
Dungeon (1/1)

Altars:
Cheibriados
Dithmenos
Elyvilon
Fedhas
Gozag
Hepliaklqana
Kikubaaqudgha
Lugonu
Makhleb
Nemelex Xobeh
Okawaru
Qazlal
Ru
Sif Muna
Trog
Uskayaw
Vehumet
Wu Jian
Xom
Yredelemnul
Zin
The Shining One
Beogh
Jiyva


Innate Abilities, Weirdness & Mutations

Your plain brown scales are hard. (AC +5)
You cannot fit into any form of body armour.
You are cold-blooded and may be slowed by cold attacks.


Message History

* * * LOW HITPOINT WARNING * * *
You feel much better. The two-headed ogre misses you.
The two-headed ogre hits you but does no damage.
You hit the two-headed ogre.
The two-headed ogre is lightly wounded.
The two-headed ogre closely misses you.
The two-headed ogre hits you with a cursed +0 giant club!
You puncture the two-headed ogre! You tail-slap the two-headed ogre.
The two-headed ogre is heavily wounded.
You hit the two-headed ogre.
You tail-slap the two-headed ogre, but do no damage.
The two-headed ogre is heavily wounded.
The two-headed ogre closely misses you.
The two-headed ogre hits you with a cursed +0 giant club!
You bludgeon the two-headed ogre!!
The two-headed ogre is almost dead.
The two-headed ogre hits you with a +0 giant club!
* * * LOW HITPOINT WARNING * * *
The two-headed ogre hits you with a cursed +0 giant club!
You die... ▓▓▓▓▓▓▓▓▓▓▓▓▓▓▓▓▓▓▓▓▓▓▓▓ .ZSYnHO@.[[))|.!'_______ ▓▓▓▓▓▓▓▓▓▓▓▓▓▓▓▓▓▓▓▓▓▓▓▓

You could see a two-headed ogre, a hippogriff, a yak, a water moccasin, a necrophage and a ball python zombie.

Vanquished Creatures
  A centaur (D)
  A bullfrog (D)
  A killer bee (D)
  A worm (D)
  2 orcs (D)
  A giant cockroach (D)
  A hobgoblin (D)
  A bat (D)
  A rat (D)
10 creatures vanquished.

Notes
Turn   | Place    | Note
-------+----------+-------------------------------------------
     0 | D        | Freyura the Draconian Skald began the quest for the Orb.
     0 | D        | Reached XP level 1. HP: 17/17 MP: 3/3
    20 | D        | Reached skill level 3 in Maces & Flails
    58 | D        | Noticed a killer bee
    58 | D        | Noticed a centaur
    58 | D        | Noticed a bullfrog
    62 | D        | Reached XP level 2. HP: 25/25 MP: 1/5
    68 | D        | Killed a bullfrog
    68 | D        | Reached skill level 5 in Maces & Flails
    68 | D        | Reached XP level 3. HP: 16/33 MP: 0/8
    68 | D        | Reached XP level 4. HP: 20/40 MP: 0/9
    71 | D        | Killed a centaur
    71 | D        | Reached skill level 5 in Fighting
    71 | D        | Reached skill level 6 in Maces & Flails
    71 | D        | Reached XP level 5. HP: 25/48 MP: 0/11
    73 | D        | Reached skill level 7 in Maces & Flails
    73 | D        | Reached skill level 5 in Charms
   163 | D        | Found a roughly hewn altar of Beogh.
   163 | D        | Found a snail-covered altar of Cheibriados.
   163 | D        | Found a shadowy altar of Dithmenos.
   163 | D        | Found a white marble altar of Elyvilon.
   163 | D        | Found a blossoming altar of Fedhas.
   163 | D        | Found an opulent altar of Gozag.
   164 | D        | Found a hazy altar of Hepliaklqana.
   165 | D        | Found a viscous altar of Jiyva.
   166 | D        | Found an ancient bone altar of Kikubaaqudgha.
   167 | D        | Found a corrupted altar of Lugonu.
   168 | D        | Found a burning altar of Makhleb.
   169 | D        | Found a sparkling altar of Nemelex Xobeh.
   170 | D        | Found an iron altar of Okawaru.
   171 | D        | Found a stormy altar of Qazlal.
   172 | D        | Found a sacrificial altar of Ru.
   173 | D        | Found a shimmering blue altar of Sif Muna.
   174 | D        | Found a bloodstained altar of Trog.
   175 | D        | Found a hide-covered altar of Uskayaw.
   176 | D        | Found a radiant altar of Vehumet.
   177 | D        | Found an ornate altar of the Wu Jian Council.
   178 | D        | Found a shimmering altar of Xom.
   179 | D        | Found a basalt altar of Yredelemnul.
   180 | D        | Found a glowing silver altar of Zin.
   181 | D        | Found a glowing golden altar of the Shining One.
   189 | D        | Became a worshipper of the Shining One
   229 | D        | Noticed a water moccasin
   229 | D        | Noticed a yak
   229 | D        | Noticed a necrophage
   229 | D        | Reached * piety under the Shining One
   229 | D        | Noticed a hippogriff
   229 | D        | Noticed a two-headed ogre
   229 | D        | Reached ** piety under the Shining One
   236 | D        | Slain by a two-headed ogre

Skill      XL: |  1  2  3  4  5 |
---------------+----------------+-----
Charms         | 3 4 5 |  5.0
Maces & Flails | 3 5 6 7 |  7.1
Fighting       | 4 5 |  5.4
Dodging        | 3 4 |  4.7
Spellcasting   | 3 4 |  4.5

Action                   |  1- 3 |  4- 6 || total
-------------------------+-------+-------++-------
Melee: Mace              |    26 |     7 ||    33
       Tailslap          |     3 |     3 ||     6
       Morningstar       |       |     6 ||     6
 Cast: Infusion          |     1 |       ||     1
  Use: Potion            |     1 |     1 ||     2
Armor: Skin              |     5 |     1 ||     6
Dodge: Dodged            |    17 |     9 ||    26
